[Event "Titled Tuesday Blitz June 28 Early 2022"]
[White "Prieto Aranguren, Alain"]
[Black "Johnson, Ben"]
[WhiteFideId "2268906"]
[BlackFideId "2010917"]
[WhiteElo "2224"]
[BlackElo "2191"]
[Result "0-1"]
[Round "09"]
[TimeControl "180+1"]
[Date "2022.06.28"]
[WhiteClock "0:00:37"]
[BlackClock "0:00:13"]

1. d4 Nf6 2. e3 d5 3. Qf3 c5 4. Bb5+ Nc6 5. Qg3 Qa5+ 6. Nc3 Ne4 7. Bxc6+ bxc6 8. Qh4 g5 9. Qh5 Nf6 10. Qxg5 Rg8 11. Qf4 Rxg2 12. Bd2 Rg4 13. Qf3 cxd4 14. Nxd5 Qxd5 15. Qxd5 cxd5 16. exd4 Rxd4 17. O-O-O e5 18. Re1 Bd6 19. Nf3 Re4 20. Rhg1 Rxe1+ 21. Rxe1 e4 22. Bg5 Ng4 23. Nd4 Nxf2 24. Nb5 Be5 25. Rg1 Bd7 26. Bh4 Bf4+ 27. Kb1 Ng4 28. Nd4 f6 29. h3 Be3 30. Rd1 Nf2 31. Bxf2 Bxf2 32. Nb3 e3 33. Nd4 Bxh3 34. Rh1 Bg4 35. Rxh7 O-O-O 36. Nc6 Rd7 37. Rh8+ Kb7 38. Nd4 e2 39. Nxe2 Bxe2 40. Rh2 Rg7 41. a4 Rg1+ 42. Ka2 Rf1 43. Kb3 f5 44. Kb4 f4 45. Ka5 f3 46. b4 Bb6# 0-1


[Site "https://www.chess.com"]

[Event "Titled Tuesday Blitz June 28 Early 2022"]
[White "Reprintsev, Alexander"]
[Black "Skliarov, Viktor"]
[WhiteFideId "14100541"]
[BlackFideId "14106736"]
[WhiteElo "2108"]
[BlackElo "2229"]
[Result "0-1"]
[Round "09"]
[TimeControl "180+1"]
[Date "2022.06.28"]
[WhiteClock "0:00:07"]
[BlackClock "0:00:12"]

1. e4 c5 2. b3 Nc6 3. Bb2 Nf6 4. e5 Nd5 5. Nf3 e6 6. g3 Be7 7. c4 Nc7 8. Bg2 O-O 9. O-O f6 10. d4 cxd4 11. exf6 Bxf6 12. Nbd2 d5 13. cxd5 Nxd5 14. Ne4 Nc3 15. Bxc3 dxc3 16. Nxf6+ Qxf6 17. Rc1 Nb4 18. Qe2 Bd7 19. a3 Nd5 20. Ne5 Bc6 21. f4 Rac8 22. Qd3 Rfd8 23. Nxc6 Rxc6 24. Rfd1 h6 25. b4 Rdd6 26. Qe4 b5 27. Bf1 a6 28. Bd3 Kf7 29. Rc2 Ne7 30. Rdc1 Nf5 31. Bf1 Rc7 32. Qf3 Nd4 33. Qa8 Nxc2 34. Rxc2 Qd4+ 35. Kg2 Qd5+ 36. Qxd5 Rxd5 37. Kf3 Rd2 38. Rc1 c2 39. Be2 Rc3+ 40. Kf2 Rd6 41. Ke1 Rdc6 42. Kd2 Rxa3 43. Bd3 Rd6 0-1


[Site "https://www.chess.com"]

[Event "Titled Tuesday Blitz June 28 Early 2022"]
[White "Rios Escobar, Adan"]
[Black "Ouellet, Maili-Jade"]
[WhiteFideId "3403645"]
[BlackFideId "2620472"]
[WhiteElo "2454"]
[BlackElo "1899"]
[Result "0-1"]
[Round "09"]
[TimeControl "180+1"]
[Date "2022.06.28"]
[WhiteClock "0:00:01"]
[BlackClock "0:00:05"]

1. d4 d5 2. Nf3 Nf6 3. g3 e6 4. c4 Be7 5. Bg2 O-O 6. O-O dxc4 7. Qc2 b5 8. a4 b4 9. Bg5 Ba6 10. Bxf6 Bxf6 11. Ng5 Bxg5 12. Bxa8 c6 13. e3 Qd5 14. e4 Qxd4 15. Rd1 Qc5 16. Nd2 Bf6 17. Nf3 c3 18. bxc3 Bxc3 19. Rac1 Qe7 20. Nd4 Qc7 21. e5 Bc4 22. Ne2 Bxe2 23. Qxe2 Nd7 24. f4 Rxa8 25. Qd3 Nb6 26. Kg2 Nd5 27. Qc4 g6 28. Rd3 Qb6 29. Kf3 h5 30. h3 Kg7 31. g4 hxg4+ 32. hxg4 Rh8 33. Kg3 Qd8 34. Kg2 Qh4 35. Qe4 Qh2+ 36. Kf1 Nxf4 37. Qf3 Rh3 0-1


[Site "https://www.chess.com"]

[Event "Titled Tuesday Blitz June 28 Early 2022"]
[White "Rom, Jasper"]
[Black "Kohler, Aran"]
[WhiteFideId "2023733"]
[BlackFideId "1002856"]
[WhiteElo "2233"]
[BlackElo "2273"]
[Result "1-0"]
[Round "09"]
[TimeControl "180+1"]
[Date "2022.06.28"]
[WhiteClock "0:00:04"]
[BlackClock "0:00:10"]

1. e4 d6 2. d4 Nf6 3. Nc3 g6 4. Nf3 Bg7 5. Be2 O-O 6. O-O Bg4 7. h3 Bxf3 8. Bxf3 e5 9. dxe5 dxe5 10. Qxd8 Rxd8 11. Bg5 c6 12. Rad1 Na6 13. a3 Nc5 14. Be3 Ne6 15. Rxd8+ Nxd8 16. Rd1 b6 17. Be2 Ne6 18. Bc4 Rd8 19. Rxd8+ Nxd8 20. Ba6 Kf8 21. a4 Ke7 22. a5 bxa5 23. Bxa7 Nd7 24. Be3 Kd6 25. Kf1 f5 26. f3 Nc5 27. Bc4 f4 28. Bf2 g5 29. Ke2 Nde6 30. Nd1 Nd4+ 31. Kd2 a4 32. c3 Ndb3+ 33. Kc2 Bf6 34. Bg1 Bd8 35. Nf2 Bb6 36. Ng4 Na1+ 37. Kb1 Nab3 38. Nf6 Nd2+ 39. Kc2 Nxc4 40. Nxh7 Ne3+ 41. Bxe3 fxe3 42. Nxg5 Bd8 43. Nf7+ Ke7 44. Nxe5 Kd6 45. Nf7+ Ke7 46. Ne5 Kd6 47. Nc4+ Ke6 48. Nxe3 Bg5 49. Nc4 Nb3 50. g3 Be7 51. f4 Nc5 52. Nd2 Kf6 53. Kd1 Bd8 54. Kc2 Bb6 55. c4 Ba7 56. Kc3 Nd7 57. Kd3 Bf2 58. g4 Bc5 59. e5+ Ke6 60. Ke4 Bb4 61. f5+ Ke7 62. Nf3 Nc5+ 63. Ke3 a3 64. bxa3 Bxa3 65. Nd4 Kd7 66. e6+ Kd6 67. Nf3 Bc1+ 68. Ke2 Ne4 69. Ng1 Bg5 70. Kf3 Nd2+ 71. Kg3 Nxc4 72. h4 Bf6 73. Nf3 Ne5 74. Nxe5 Bxe5+ 75. Kf3 c5 76. Ke4 c4 77. g5 Bb2 78. h5 c3 79. Kd3 Ba3 80. h6 c2 81. Kxc2 Bc5 82. h7 Bd4 83. f6 Kxe6 84. h8=Q Kf5 85. Qg7 Be5 86. Qg8 Bd4 87. f7 Ke4 88. f8=Q Be5 89. Qe6 Kd4 90. Qf2+ Ke4 91. Qff5+ Ke3 92. Qexe5# 1-0


[Site "https://www.chess.com"]

[Event "Titled Tuesday Blitz June 28 Early 2022"]
[White "Rosenberg, Evan S"]
[Black "Ianov, Viktor"]
[WhiteFideId "2019299"]
[BlackFideId "14102730"]
[WhiteElo "2192"]
[BlackElo "2152"]
[Result "1-0"]
[Round "09"]
[TimeControl "180+1"]
[Date "2022.06.28"]
[WhiteClock "0:00:13"]
[BlackClock "0:01:23"]

1. e4 d6 2. d4 Nf6 3. Nc3 c6 4. f4 Qb6 5. Nf3 Bg4 6. Be2 Bxf3 7. Bxf3 e5 8. fxe5 dxe5 9. dxe5 Nfd7 10. e6 fxe6 11. a4 Bb4 12. a5 Bxa5 13. Qd6 Bxc3+ 14. bxc3 c5 15. Bf4 Qxd6 16. Bxd6 Nc6 17. O-O Nde5 18. Bxc5 a6 19. Bh5+ g6 20. Be2 O-O-O 21. Bb6 Rd7 22. Rf6 Re8 23. Rd1 Rxd1+ 24. Bxd1 Kd7 25. Bd4 Ke7 26. Rf1 Rd8 27. Bc5+ Kd7 28. Be2 Kc8 29. Be3 Na5 30. Bb6 Rd2 31. Rf8+ Kd7 32. Rd8+ Kc6 33. Rxd2 Kxb6 34. Rd6+ Nac6 35. Rxe6 Kc5 36. Bd3 a5 37. h4 a4 38. Re8 b6 39. Ra8 Na5 40. h5 a3 41. Rc8+ Nec6 42. Rf8 gxh5 43. Rf1 Ne5 44. Ra1 Nac4 45. Kf2 b5 46. Kg3 Ng6 47. Bxc4 Kxc4 48. Rxa3 Ne5 49. Rb3 Nc6 50. Rb1 Na7 51. Rb4+ Kc5 52. Rb3 Nc6 53. Kh4 Ne5 54. Kxh5 Nc4 55. Kh6 Nd2 56. Rb2 Nxe4 57. Kxh7 Nxc3 58. g4 Ne4 59. Ra2 b4 60. Ra8 Kc4 61. Re8 Ng5+ 62. Kg6 Nf3 63. Rc8+ Kd4 64. g5 Ne5+ 65. Kf5 Nf3 66. g6 Nh4+ 67. Kg5 Nf3+ 68. Kf6 Nd2 69. Rd8+ Kc3 70. Rxd2 Kxd2 71. g7 Kxc2 72. g8=Q b3 73. Qg2+ Kc3 74. Qf3+ Kc2 75. Qe2+ Kc1 76. Qe3+ Kc2 77. Qe4+ Kc3 78. Qb1 b2 79. Ke5 Kb3 80. Kd4 Ka3 81. Kc3 1-0


[Site "https://www.chess.com"]

[Event "Titled Tuesday Blitz June 28 Early 2022"]
[White "Rustemov, Alexander"]
[Black "Le, Quang Liem"]
[WhiteFideId "4119002"]
[BlackFideId "12401137"]
[WhiteElo "2744"]
[BlackElo "2657"]
[Result "0-1"]
[Round "09"]
[TimeControl "180+1"]
[Date "2022.06.28"]
[WhiteClock "0:00:23"]
[BlackClock "0:01:11"]

1. d4 Nf6 2. c4 g6 3. Nf3 Bg7 4. g3 O-O 5. Bg2 d6 6. Nc3 Nc6 7. O-O Bf5 8. Ne1 Qc8 9. e4 Bh3 10. Nc2 a5 11. f3 Bxg2 12. Kxg2 e5 13. Be3 Nd7 14. Qd2 a4 15. d5 Ne7 16. b3 axb3 17. axb3 Rxa1 18. Rxa1 f5 19. Ne1 f4 20. Bf2 g5 21. g4 h5 22. h3 Nf6 23. Qe2 Ng6 24. b4 hxg4 25. hxg4 Nxg4 26. Nd3 Nf6 27. Rh1 g4 28. fxg4 f3+ 29. Qxf3 Nxd5 30. Nxd5 Rxf3 31. Kxf3 Qf8+ 32. Kg2 c6 33. Ne3 Nf4+ 34. Nxf4 Qxf4 35. Rd1 Qxe4+ 36. Kg3 Bh6 37. Nf5 Bf4+ 38. Kh4 Qf3 39. Rxd6 Qh1# 0-1


[Site "https://www.chess.com"]

[Event "Titled Tuesday Blitz June 28 Early 2022"]
[White "Sadhwani, Raunak"]
[Black "Terry, Renato"]
[WhiteFideId "35093487"]
[BlackFideId "3803457"]
[WhiteElo "2616"]
[BlackElo "2577"]
[Result "1/2-1/2"]
[Round "09"]
[TimeControl "180+1"]
[Date "2022.06.28"]
[WhiteClock "0:00:11"]
[BlackClock "0:00:07"]

1. e4 e6 2. d4 d5 3. e5 c5 4. c3 Qb6 5. Nf3 Bd7 6. Be2 cxd4 7. cxd4 Bb5 8. O-O Bxe2 9. Qxe2 Nc6 10. Rd1 Nge7 11. Na3 Nf5 12. Nc2 Be7 13. h4 Nxh4 14. Nxh4 Bxh4 15. Qg4 Be7 16. Qxg7 Kd7 17. Qxf7 h5 18. Qf3 Raf8 19. Qb3 Qxb3 20. axb3 Rhg8 21. Be3 Rg4 22. Rd2 a6 23. Rf1 Bd8 24. f3 Rg6 25. Kh2 Ne7 26. g3 Nf5 27. Bf2 Rfg8 28. Rg1 Bg5 29. Rd3 Rc8 30. Ne1 Bc1 31. Rc3 Bxb2 32. Rxc8 Kxc8 33. Nc2 Kd7 34. Kg2 Nh4+ 35. Kf1 Nxf3 36. Rh1 Nd2+ 37. Kg2 a5 38. Be3 Ne4 39. Bf4 Rg8 40. Rxh5 Rc8 41. Rh7+ Kc6 42. g4 Kb6 43. Ne1 Bxd4 44. g5 Rg8 45. Nf3 Bc3 46. Rh6 Nc5 47. Be3 d4 48. Nxd4 Bxd4 49. Bxd4 Rxg5+ 50. Kf3 Kb5 51. Bxc5 Kxc5 52. Kf4 Rf5+ 53. Ke4 Rf1 54. Rxe6 Rb1 55. Rd6 Rxb3 56. Rd5+ Kc6 57. Rxa5 Rb1 58. Kf5 Rf1+ 59. Ke6 b5 60. Ke7 b4 61. Ra8 Kc5 62. Rb8 Kc4 63. e6 b3 64. Kd6 Rd1+ 65. Kc6 Re1 66. Kd7 Kc3 67. e7 Rxe7+ 68. Kxe7 b2 69. Rxb2 Kxb2 1/2-1/2


[Site "https://www.chess.com"]

[Event "Titled Tuesday Blitz June 28 Early 2022"]
[White "Sadubayev, Airat"]
[Black "Vianello, Enrico"]
[WhiteFideId "13713264"]
[BlackFideId "810738"]
[WhiteElo "2230"]
[BlackElo "2232"]
[Result "0-1"]
[Round "09"]
[TimeControl "180+1"]
[Date "2022.06.28"]
[WhiteClock "0:00:01"]
[BlackClock "0:00:15"]

1. d4 d5 2. c4 e6 3. Nc3 c6 4. Nf3 dxc4 5. a4 Bb4 6. Bf4 b5 7. axb5 cxb5 8. e3 Bb7 9. Be2 a6 10. O-O Nf6 11. Ne5 Nbd7 12. Bf3 Bxf3 13. Qxf3 O-O 14. Nc6 Qb6 15. Nxb4 a5 16. Nc6 b4 17. Na4 Qb5 18. Ne5 Rfd8 19. Rfc1 Rac8 20. Qe2 Nxe5 21. Bxe5 Nd5 22. Nc5 Nb6 23. Nb7 Rd5 24. Nd6 Rxd6 25. Bxd6 Na4 26. Bc5 Nxc5 27. dxc5 Rxc5 28. h3 h6 29. Qd2 a4 30. Qd8+ Kh7 31. Qa8 c3 32. bxc3 b3 33. Qxa4 b2 34. Qxb5 bxc1=Q+ 35. Rxc1 Rxb5 36. Kf1 Kg6 37. c4 Rc5 38. Ke2 Kf5 39. Kd3 Ke5 40. f3 f5 41. f4+ Kd6 42. Kd4 Kc6 43. Ra1 Kb6 44. Rb1+ Kc6 45. Rb8 Ra5 46. Rc8+ Kd7 47. Rg8 g5 48. Rg7+ Kd6 49. fxg5 hxg5 50. Rxg5 Ra1 51. Rg6 Rd1+ 52. Kc3 Rc1+ 53. Kb3 Rb1+ 54. Kc2 Re1 55. Kd3 Rd1+ 56. Ke2 Rc1 57. h4 Rxc4 58. h5 Rh4 0-1


[Site "https://www.chess.com"]

[Event "Titled Tuesday Blitz June 28 Early 2022"]
[White "Sadykov, Ramil"]
[Black "Saito, Vinicius"]
[WhiteFideId "24113590"]
[BlackFideId "2113384"]
[WhiteElo "2226"]
[BlackElo "2168"]
[Result "1-0"]
[Round "09"]
[TimeControl "180+1"]
[Date "2022.06.28"]
[WhiteClock "0:01:48"]
[BlackClock "0:02:25"]

1. e4 c5 2. Nc3 a6 3. a3 e6 4. Nge2 d5 5. exd5 exd5 6. d4 Nf6 7. g3 Nc6 8. Bg2 Be7 9. dxc5 d4 10. Bxc6+ bxc6 11. Qxd4 Qxd4 12. Nxd4 Bxc5 13. Be3 Bg4 14. O-O O-O 15. Nxc6 Bd6 16. f3 Bh3 17. Rfd1 Bc7 18. Ne7+ Kh8 19. Ned5 Nxd5 20. Nxd5 Be5 21. Bd4 Bd6 22. c4 Rfe8 23. c5 Bf8 24. Nc7 1-0


[Site "https://www.chess.com"]

[Event "Titled Tuesday Blitz June 28 Early 2022"]
[White "Sanchez, Robert"]
[Black "Gubajdullin, Alexei"]
[WhiteFideId "2034360"]
[BlackFideId "4141202"]
[WhiteElo "2084"]
[BlackElo "2280"]
[Result "0-1"]
[Round "09"]
[TimeControl "180+1"]
[Date "2022.06.28"]
[WhiteClock "0:00:57"]
[BlackClock "0:01:02"]

1. e4 g6 2. d4 d6 3. Nc3 c6 4. Be3 b5 5. f3 Bg7 6. Qd2 b4 7. Nce2 a5 8. O-O-O Nf6 9. Kb1 O-O 10. g4 h5 11. Bh6 hxg4 12. Bxg7 Kxg7 13. e5 dxe5 14. dxe5 Nd5 15. fxg4 Bxg4 16. Bh3 Bxh3 17. Nxh3 Qb6 18. e6 Qe3 19. Nhf4 Qxd2 20. Rxd2 Nxf4 21. Nxf4 Na6 22. Rg1 Rad8 23. Rdg2 Rd4 24. Rg4 Rfd8 25. b3 Rd1+ 26. Kb2 Rxg1 27. Rxg1 Rd4 28. Rg4 c5 29. h3 Nc7 30. exf7 Kxf7 31. Nxg6 Rxg4 32. Ne5+ Kf6 33. Nxg4+ Kf5 34. c3 e5 35. cxb4 cxb4 36. Ne3+ Kf4 37. Nc4 e4 38. Kc2 Ne6 39. Kd2 Nd4 40. Nxa5 e3+ 41. Ke1 Kf3 42. Nc4 Nc2+ 43. Kd1 e2+ 44. Kxc2 e1=Q 0-1


[Site "https://www.chess.com"]

[Event "Titled Tuesday Blitz June 28 Early 2022"]
[White "Sarkar, Justin"]
[Black "Manukian, Artak"]
[WhiteFideId "2010011"]
[BlackFideId "13301373"]
[WhiteElo "2020"]
[BlackElo "2468"]
[Result "0-1"]
[Round "09"]
[TimeControl "180+1"]
[Date "2022.06.28"]
[WhiteClock "0:00:02"]
[BlackClock "0:00:22"]

1. e4 c6 2. b3 d5 3. exd5 cxd5 4. Bb2 Nc6 5. Nf3 Nf6 6. Bb5 Bg4 7. h3 Bh5 8. g4 Bg6 9. Ne5 Rc8 10. h4 d4 11. Bxc6+ bxc6 12. f3 Qd5 13. Qe2 Bxc2 14. d3 Bxb1 15. Rxb1 e6 16. h5 Bd6 17. Nc4 O-O 18. Kd2 Bf4+ 19. Kc2 a5 20. a4 Rb8 21. Ba3 Rfc8 22. Rhg1 h6 23. Qe1 c5 24. Rf1 e5 25. Qxa5 Nxg4 26. fxg4 Qg2+ 27. Nd2 Ra8 28. Qb5 Qxd2# 0-1


[Site "https://www.chess.com"]

[Event "Titled Tuesday Blitz June 28 Early 2022"]
[White "Seo, Jung Min"]
[Black "Hovhannisyan, Robert"]
[WhiteFideId "1734687"]
[BlackFideId "13302507"]
[WhiteElo "2414"]
[BlackElo "2570"]
[Result "1-0"]
[Round "09"]
[TimeControl "180+1"]
[Date "2022.06.28"]
[WhiteClock "0:01:45"]
[BlackClock "0:00:04"]

1. d4 d5 2. c4 c6 3. Nf3 Nf6 4. e3 Bg4 5. h3 Bh5 6. g4 Bg6 7. Ne5 e6 8. Nc3 Nbd7 9. Nxg6 hxg6 10. g5 Ne4 11. Nxe4 dxe4 12. h4 Bb4+ 13. Bd2 Qa5 14. a3 Bxd2+ 15. Qxd2 Qxd2+ 16. Kxd2 f5 17. b4 a5 18. Be2 Ke7 19. c5 b5 20. a4 bxa4 21. b5 cxb5 22. Bxb5 Rab8 23. Bxa4 Rb2+ 24. Bc2 Ra8 25. Kc3 Rbb8 26. Rhb1 Kd8 27. Ba4 Kc7 28. Bxd7 Kxd7 29. Rxb8 Rxb8 30. Rxa5 Rb1 31. Ra7+ Kc6 32. Rxg7 Rf1 33. Rxg6 Kd5 34. h5 Rxf2 35. h6 Rh2 36. c6 Rh1 37. c7 Rc1+ 38. Kd2 Rxc7 39. Rg7 Rc8 40. h7 f4 41. exf4 e3+ 42. Kxe3 Rc3+ 43. Kd2 Rh3 44. g6 Kxd4 45. Rd7+ Ke4 46. Rd8 Rh2+ 47. Kc3 Rxh7 48. gxh7 1-0


[Site "https://www.chess.com"]

[Event "Titled Tuesday Blitz June 28 Early 2022"]
[White "Shimanov, Aleksandr"]
[Black "Sargissyan, Sargis"]
[WhiteFideId "4198603"]
[BlackFideId "13303210"]
[WhiteElo "2605"]
[BlackElo "2174"]
[Result "1-0"]
[Round "09"]
[TimeControl "180+1"]
[Date "2022.06.28"]
[WhiteClock "0:00:09"]
[BlackClock "0:00:11"]

1. e4 e5 2. Nf3 Nc6 3. Bb5 a6 4. Ba4 Nf6 5. Nc3 b5 6. Bb3 Be7 7. d3 d6 8. a3 O-O 9. O-O Be6 10. Bxe6 fxe6 11. b4 Qe8 12. Ne2 Nh5 13. Kh1 Qg6 14. Be3 Qg4 15. Ng3 Nxg3+ 16. fxg3 Rf7 17. Qe1 Raf8 18. h3 Qg6 19. g4 h5 20. g5 Nd4 21. Bxd4 exd4 22. h4 e5 23. Qe2 Qe6 24. Nh2 g6 25. Rxf7 Rxf7 26. a4 d5 27. axb5 axb5 28. exd5 Qxd5 29. Nf3 Bd6 30. Re1 Rf5 31. Qd2 Rf4 32. Qe2 Rf5 33. Qd2 Rf4 34. Kg1 Kg7 35. Qe2 Rf5 36. Rb1 Rf4 37. Rf1 Rf5 38. Nd2 Bxb4 39. Ne4 Be7 40. Rxf5 gxf5 41. Ng3 e4 42. Nxh5+ Kg8 43. Nf4 Qa2 44. dxe4 Bd6 45. e5 Bc5 46. Nd3 Bb6 47. e6 Kf8 48. g6 Qa3 49. g7+ Kxg7 50. e7 Qa1+ 51. Kh2 1-0


[Site "https://www.chess.com"]

[Event "Titled Tuesday Blitz June 28 Early 2022"]
[White "Shuvalov, Evgenij"]
[Black "Kucuksari, Kaan"]
[WhiteFideId "4187237"]
[BlackFideId "6380166"]
[WhiteElo "2023"]
[BlackElo "2305"]
[Result "1-0"]
[Round "09"]
[TimeControl "180+1"]
[Date "2022.06.28"]
[WhiteClock "0:00:53"]
[BlackClock "0:01:48"]

1. Nf3 g6 2. c4 f5 3. d4 Nf6 4. Nc3 Bg7 5. Qc2 Nc6 6. g3 Nb4 7. Qb3 c5 8. Bg2 cxd4 9. Nxd4 Nc6 10. Nxc6 bxc6 11. O-O O-O 12. c5+ e6 13. Bf4 Nd5 14. Nxd5 exd5 15. Bxd5+ cxd5 16. Qxd5+ Kh8 17. Qxa8 g5 18. Bd6 Rg8 19. Qd5 f4 20. Be5 Qe8 21. Bxg7+ Rxg7 22. Rad1 Qh5 23. Qa8 Rg8 24. Qf3 Qh3 25. g4 Qh6 26. Rd6 Qf8 27. Qc3+ Rg7 28. Rfd1 Kg8 29. Rf6 Qe7 30. Rdd6 Qxe2 31. Qb3+ Qe6 32. Rfxe6 1-0


[Site "https://www.chess.com"]

[Event "Titled Tuesday Blitz June 28 Early 2022"]
[White "So, Wesley"]
[Black "Jones, Gawain C B"]
[WhiteFideId "5202213"]
[BlackFideId "409561"]
[WhiteElo "2742"]
[BlackElo "2657"]
[Result "1-0"]
[Round "09"]
[TimeControl "180+1"]
[Date "2022.06.28"]
[WhiteClock "0:00:34"]
[BlackClock "0:00:03"]

1. e4 e5 2. Nf3 Nc6 3. Bc4 Nf6 4. d3 Bc5 5. O-O d6 6. c3 a5 7. Re1 Ba7 8. Nbd2 O-O 9. Nf1 Be6 10. Bb5 Ne7 11. Ng3 c6 12. Ba4 Ng6 13. h3 h6 14. d4 Qc7 15. Be3 Rfe8 16. Qd2 b5 17. Bc2 Rad8 18. a4 exd4 19. cxd4 b4 20. Bd3 d5 21. e5 Ne4 22. Nxe4 dxe4 23. Bxe4 c5 24. Bxh6 gxh6 25. Qxh6 cxd4 26. Ng5 d3 27. Qh7+ Kf8 28. Bxg6 d2 29. Rf1 Rd7 30. Qh6+ Ke7 31. Bxf7 Qxe5 32. Bxe8 Rd6 33. Bh5 Bg8 34. Bg6 Rf6 35. Qg7+ Kd6 36. Qxg8 Qxg5 37. Qd8+ Ke5 38. Qe7+ Kd4 39. Qxa7+ 1-0


[Site "https://www.chess.com"]

[Event "Titled Tuesday Blitz June 28 Early 2022"]
[White "Soham Kamotra"]
[Black "Averjanov, Alexey"]
[WhiteFideId "46647490"]
[BlackFideId "14109867"]
[WhiteElo "2082"]
[BlackElo "2693"]
[Result "1-0"]
[Round "09"]
[TimeControl "180+1"]
[Date "2022.06.28"]
[WhiteClock "0:00:02"]
[BlackClock "0:00:02"]

1. e4 c6 2. d4 d5 3. Nc3 dxe4 4. Nxe4 Bf5 5. Ng3 Bg6 6. h4 h6 7. h5 Bh7 8. Nf3 Nd7 9. Bd3 Bxd3 10. Qxd3 e6 11. Bd2 Ngf6 12. O-O-O Be7 13. Ne4 Nxe4 14. Qxe4 Nf6 15. Qe2 Qd5 16. Kb1 Qe4 17. Qxe4 Nxe4 18. Be1 O-O 19. Ne5 Rad8 20. f3 Nf6 21. Bf2 Nd7 22. Nd3 Bd6 23. c4 b5 24. b3 a6 25. Kc2 Rc8 26. Kc3 Rfd8 27. Rhe1 Kf8 28. g4 Bc7 29. Bh4 Re8 30. Kc2 Ba5 31. Re2 Bb6 32. Ne5 Nxe5 33. Rxe5 Bd8 34. Bxd8 Rexd8 35. Rc5 Ke7 36. Kc3 Kd6 37. f4 Rb8 38. f5 Re8 39. f6 gxf6 40. Rf1 Rg8 41. Rxf6 Rxg4 42. Rxf7 bxc4 43. Rxc4 Rg3+ 44. Kb2 Rb5 45. Rf8 Rg2+ 46. Ka3 Ra5+ 47. Kb4 Rgxa2 48. Rd8+ Ke7 49. Rc8 Rb5+ 50. Kc3 Ra3 51. R4xc6 Rbxb3+ 52. Kc2 Rh3 53. R8c7+ Kd8 54. Rh7 Ra2+ 55. Kb1 Rf2 56. Rd6+ Kc8 57. Rc6+ Kd8 58. Rd6+ Ke8 59. Rxe6+ Kf8 60. Rc6 Rf1+ 61. Kb2 Rf2+ 62. Kb1 Kg8 63. Ra7 Rf1+ 64. Kb2 Rf2+ 65. Kb1 Rf1+ 66. Kb2 Rf2+ 67. Rc2 Rxc2+ 68. Kxc2 Rxh5 69. Kd3 Ra5 70. Ke4 h5 71. d5 Kf8 72. Rh7 h4 73. Ke5 1-0


[Site "https://www.chess.com"]

[Event "Titled Tuesday Blitz June 28 Early 2022"]
[White "Tan, Jun Ying"]
[Black "Samunenkov, Ihor"]
[WhiteFideId "5710413"]
[BlackFideId "14187086"]
[WhiteElo "1827"]
[BlackElo "2409"]
[Result "0-1"]
[Round "09"]
[TimeControl "180+1"]
[Date "2022.06.28"]
[WhiteClock "0:00:11"]
[BlackClock "0:00:04"]

1. d4 Nf6 2. c4 e6 3. Nc3 Bb4 4. e3 O-O 5. Ne2 Re8 6. a3 Bf8 7. g4 Nxg4 8. Rg1 f5 9. h3 Nf6 10. Nf4 d6 11. Qc2 e5 12. dxe5 dxe5 13. Nfd5 c6 14. Nxf6+ Qxf6 15. Bd2 Be6 16. O-O-O Nd7 17. f4 e4 18. Ne2 Rad8 19. Bc3 Qf7 20. Nd4 Nc5 21. Kb1 Bxc4 22. Bxc4 Qxc4 23. Nxf5 Rxd1+ 24. Rxd1 Nd3 25. Qg2 g6 26. h4 Qd5 27. Nd4 Nxf4 28. exf4 c5 29. f5 cxd4 30. fxg6 Bg7 31. gxh7+ Kh8 32. Rg1 Qf7 33. Bb4 e3 34. h5 e2 35. Re1 d3 36. h6 Bxh6 37. Bc3+ Bg7 38. Qg5 Bxc3 39. Rg1 Bg7 40. Qd2 Qf5 41. Rc1 Qxh7 42. Re1 Qg6 43. Rh1+ Kg8 44. Qc1 d2+ 45. Qc2 Qxc2+ 46. Kxc2 e1=Q 47. Rxe1 dxe1=Q 48. Kb3 0-1


[Site "https://www.chess.com"]

[Event "Titled Tuesday Blitz June 28 Early 2022"]
[White "Tasev, Dejan"]
[Black "Melikhov, Evgeny V."]
[WhiteFideId "936618"]
[BlackFideId "4122046"]
[WhiteElo "2253"]
[BlackElo "1904"]
[Result "1-0"]
[Round "09"]
[TimeControl "180+1"]
[Date "2022.06.28"]
[WhiteClock "0:00:20"]
[BlackClock "0:00:10"]

1. e4 e5 2. Nf3 Nc6 3. Bb5 a6 4. Ba4 Nf6 5. O-O Nxe4 6. d4 b5 7. Bb3 d5 8. dxe5 Be6 9. c3 Bc5 10. Nbd2 O-O 11. Bc2 Nxf2 12. Rxf2 f6 13. Nb3 Bxf2+ 14. Kxf2 fxe5 15. Kg1 Bg4 16. Qe1 e4 17. Nfd4 Nxd4 18. cxd4 Qf6 19. Be3 Rf7 20. h3 Bh5 21. Qg3 Raf8 22. Nc5 Be2 23. Bb3 Bc4 24. Kh2 Qb6 25. Bc2 b4 26. b3 Bb5 27. Rc1 Qd6 28. Rd1 Rf1 29. Qxd6 cxd6 30. Ne6 Rxd1 31. Bxd1 Rf1 32. Bg4 Ra1 33. Nc7 Rxa2 34. Nxb5 axb5 35. Be6+ Kf8 36. Bxd5 Re2 37. Bf4 e3 38. Bxd6+ Ke8 39. Bc6+ Kf7 40. Bxb5 Rd2 41. Bxb4 Rxd4 42. Bc4+ Kg6 43. Be1 Rd1 44. Bb4 Kf5 45. Kg3 Ke4 46. Be2 Rb1 47. Bc4 h5 48. h4 g6 49. Ba5 Rb2 50. Bb4 Rb1 51. Bf7 Kf5 52. Kf3 Rb2 53. Kxe3 Rxg2 54. Bc4 Rg4 55. Be1 Ke5 56. Be2 Re4+ 57. Kf2 Rf4+ 58. Bf3 Rxh4 59. Ke3 Rh2 60. Bg3+ Kf5 61. Bxh2 g5 62. Be4+ Kg4 63. Bd6 Kh3 64. b4 g4 65. b5 h4 66. b6 g3 67. b7 g2 68. Bxg2+ Kxg2 69. b8=Q 1-0


[Site "https://www.chess.com"]

[Event "Titled Tuesday Blitz June 28 Early 2022"]
[White "Terrieux, Kevin"]
[Black "Kozlov, Oleg"]
[WhiteFideId "622591"]
[BlackFideId "4104544"]
[WhiteElo "2482"]
[BlackElo "2132"]
[Result "1-0"]
[Round "09"]
[TimeControl "180+1"]
[Date "2022.06.28"]
[WhiteClock "0:00:04"]
[BlackClock "0:00:05"]

1. d4 f5 2. Nc3 Nf6 3. Bg5 d5 4. Bxf6 exf6 5. e3 Be6 6. Bd3 Qd7 7. Qf3 Nc6 8. a3 O-O-O 9. Nge2 g5 10. g3 Kb8 11. h4 Bd6 12. O-O-O Ne7 13. hxg5 fxg5 14. Rh6 Rdf8 15. Rdh1 Rf7 16. Qh5 Rg7 17. Qh2 c6 18. Ng1 Ng8 19. Rh5 Bf7 20. Rh3 h5 21. Qg2 Nf6 22. Nge2 Be6 23. R3h2 Rhg8 24. Qf1 Bf7 25. Ng1 h4 26. Nge2 Ne4 27. Bxe4 fxe4 28. Rg2 h3 29. Rgh2 Be6 30. Rxh3 Bxh3 31. Rxh3 Rf7 32. Rh2 Rgf8 33. Qg1 Qg4 34. Kb1 Bc7 35. b4 a6 36. Kb2 Qf5 37. Qe1 Rh7 38. Rg2 Qf3 39. Rg1 Qxf2 40. Qd2 Rf3 41. Nd1 Qh2 42. Qe1 Qh3 43. a4 Qf5 44. b5 axb5 45. axb5 Rf7 46. bxc6 bxc6 47. Qb4+ Kc8 48. Rh1 Rh7 49. g4 Qg6 50. Rxh7 Qxh7 51. Nec3 Kd7 52. Na4 Bd6 53. Qb7+ Bc7 54. Nc5+ Kd6 55. Qc8 Bb6 56. Nb7+ Ke7 57. Qxc6 Bd8 58. Qd6+ Kf7 59. Nxd8+ Ke8 60. Ne6 Qd7 61. Qxd7+ Kxd7 62. Nxg5 Rf1 63. Nc3 Rg1 64. Nxd5 Rxg4 65. Nf6+ 1-0


[Site "https://www.chess.com"]

[Event "Titled Tuesday Blitz June 28 Early 2022"]
[White "Tifferet, Shaked"]
[Black "Liyanage, Ranindu Dilshan"]
[WhiteFideId "2811529"]
[BlackFideId "9915834"]
[WhiteElo "2083"]
[BlackElo "1858"]
[Result "1-0"]
[Round "09"]
[TimeControl "180+1"]
[Date "2022.06.28"]
[WhiteClock "0:00:06"]
[BlackClock "0:00:06"]

1. Nf3 Nf6 2. c4 e6 3. Nc3 d5 4. e3 dxc4 5. Bxc4 a6 6. a4 b6 7. O-O Bb7 8. d4 Nbd7 9. b3 Bd6 10. Bb2 O-O 11. Qe2 c5 12. Rfd1 Qe7 13. Rac1 e5 14. dxc5 Nxc5 15. h3 e4 16. Nd4 Qe5 17. g3 Qg5 18. Kg2 Nd3 19. Rc2 h5 20. h4 Qg6 21. Rcd2 Ng4 22. f3 Nxb2 23. Rxb2 exf3+ 24. Nxf3 Nxe3+ 25. Qxe3 Qxg3+ 26. Kf1 Bxf3 27. Rxd6 Bg2+ 28. Ke2 Qxd6 29. Rd2 Qg6 30. Kd1 Rfe8 31. Qf2 Bh3 32. Kc1 Rad8 33. Kb2 Qf6 34. Qh2 Rxd2+ 35. Qxd2 Bg4 36. Ka2 Qxh4 37. Bxa6 Qe7 38. Bc4 Rd8 39. Qf2 Qf6 40. Qh2 Qxc3 41. Qc7 Rd2+ 42. Ka3 Rf2 43. Bxf7+ Rxf7 44. Qxc3 Rf6 45. Qb4 Kh7 46. Qe4+ Kh6 47. Qe5 h4 48. b4 h3 49. Qg3 Kg5 50. Qe3+ Kh5 51. Qe5+ Rf5 52. Qxg7 h2 53. Qh7+ Kg5 54. Qxh2 Rf3+ 55. Kb2 Rf4 56. Qd2 Bf5 57. Qd6 Re4 58. Qxb6 Kf4 59. Kc3 Re3+ 60. Kd4 Re4+ 61. Kc5 Re5+ 62. Kd6 Re6+ 63. Kc7 Rxb6 64. Kxb6 Ke5 65. Kc7 Ke6 66. b5 Be4 67. a5 Bd3 68. b6 Ba6 69. b7 Bxb7 70. Kxb7 1-0


[Site "https://www.chess.com"]